 Dungeon Crawl Stone Soup version 0.31-a0-1074-g0b22e4e0f1 (webtiles) character file.

Game seed: 6138051118512879473

1208 jlumianski the Ruffian (level 8, -5/60 HPs)
             Began as a Gnoll Shapeshifter on Dec 7, 2023.
             Was an Initiate of Wu Jian.
             Shot with an arrow by a centaur (8 damage)
             ... on level 5 of the Dungeon.
             The game lasted 00:13:19 (4289 turns).

jlumianski the Ruffian (Gnoll Shapeshifter)         Turns: 4289, Time: 00:13:19

Health: -5/60      AC: 10    Str: 15    XL:     8   Next: 45%
Magic:  13/13      EV: 11    Int: 11    God:    Wu Jian [......]
Gold:   259        SH:  5    Dex: 11    Spells: 13/13 levels left

rFire   . .          .
                       - Unarmed
rCold   . . .        (shield currently unavailable)
rNeg    . . .        z - +0 scale mail
rPois   .            (no helmet)
rElec   .            (no cloak)
rCorr   .            (no gloves)
SInv    .            (no boots)
Will    .....        A - amulet of reflection
Stlth   +            r - +4 ring of protection
HPRegen 0.30/turn    (no ring)
MPRegen 0.13/turn

%: reflection
@: flux-form, glowing
A: glow, contaminating, fangs 1, strong nose, distributed training
a: Begin Untransformation, Renounce Religion


You were on level 5 of the Dungeon.
You worshipped Wu Jian.
Wu Jian was noncommittal.
You were something dangerously unstable.
You visited 2 branches of the dungeon, and saw 7 of its levels.

You collected 259 gold pieces.

Inventory:

Hand Weapons
 i - a +0 battleaxe
 m - a +0 spear of venom
Missiles
 l - 12 poisoned darts (quivered)
 v - 7 boomerangs
Armour
 a - a +0 animal skin
 f - a +0 pair of gloves
 u - a +0 pair of gloves
 x - a +0 pair of boots
 z - a +0 scale mail (worn)
Magical Staves
 n - a staff of poison
Jewellery
 r - a +4 ring of protection (left hand)
 A - an amulet of reflection (around neck)
Talismans
 c - a beast talisman
 d - a flux talisman (active)
 y - a serpent talisman
Scrolls
 j - a scroll of amnesia {unknown}
 k - a scroll of teleportation {unknown}
 o - a scroll of butterflies {unknown}
 q - a scroll of torment {unknown}
 C - a scroll of blinking {unknown}
Potions
 b - 2 potions of lignification
 e - a potion of enlightenment
 g - a potion of might
 h - a potion of degeneration
 p - a potion of attraction
 s - a potion of haste {unknown}
 t - a potion of magic {unknown}
 w - a potion of brilliance {unknown}
 B - a potion of mutation {unknown}


   Skills:
 + Level 4.3 Fighting
 + Level 3.3 Short Blades
 + Level 3.3 Long Blades
 + Level 3.3 Axes
 + Level 3.3 Maces & Flails
 + Level 3.3 Polearms
 + Level 3.3 Staves
 + Level 3.3 Ranged Weapons
 + Level 3.3 Throwing
 + Level 3.3 Armour
 + Level 5.7 Dodging
 + Level 3.3 Stealth
 + Level 3.3 Shields
 + Level 7.4 Unarmed Combat
 + Level 3.3 Spellcasting
 + Level 2.7 Conjurations
 + Level 2.7 Hexes
 + Level 2.7 Summonings
 + Level 2.7 Necromancy
 + Level 2.7 Translocations
 + Level 2.7 Transmutations
 + Level 2.7 Fire Magic
 + Level 2.7 Ice Magic
 + Level 2.7 Air Magic
 + Level 2.7 Earth Magic
 + Level 2.7 Poison Magic
 + Level 3.7 Invocations
 + Level 3.3 Evocations
 + Level 7.2 Shapeshifting


You had 13 spell levels left.
You didn't know any spells.
Your spell library was empty.

Dungeon Overview and Level Annotations

Branches:
Dungeon (6/15)             Temple (1/1) D:5

Altars:
Ashenzari
Cheibriados
Dithmenos
Elyvilon
Fedhas
Gozag
Hepliaklqana
Kikubaaqudgha
Makhleb
Nemelex Xobeh
Okawaru
Ru
Sif Muna
Trog
Uskayaw
Vehumet
Wu Jian
Xom
Yredelemnul
Zin
The Shining One


Innate Abilities, Weirdness & Mutations

You are something dangerously unstable.
You glow with magical radiation, making you easy to see and hit.
Foes you strike become dangerously contaminated with magical radiation.
You are incapable of wielding weapons or throwing items.
You have very sharp teeth.
Your uncanny sense of smell can sniff out nearby items.
Your experience applies equally to all skills.


Message History

The Council accepts your kill. The adder closely misses you.
The ogre closely misses you. The adder bites you.
The centaur shoots an arrow.
The arrow hits you. You block the adder's attack.
The ogre hits you with a +0 giant spiked club.
The centaur shoots an arrow.
The arrow hits you.
You punch the ogre!
The ogre begins to glow.
You bite the ogre.
The ogre is moderately wounded.
The adder bites you but does no damage.
The centaur shoots an arrow.
The arrow barely misses you. You block the adder's attack.
The centaur unwields a +0 shortbow.
The centaur closely misses you. The centaur barely misses you.
The ogre closely misses you. You block the adder's attack.
You closely miss the adder. The centaur misses you.
The centaur barely misses you. The adder misses you.
The ogre completely misses you. You block the centaur's attack.
The centaur kicks you but does no damage.
You barely miss the adder. The adder closely misses you. The centaur hits you.
The centaur closely misses you.
You barely miss the adder. You bite the adder, but do no damage.
You block the adder's attack. The centaur barely misses you.
The centaur kicks you but does no damage.
The ogre misses you. The centaur hits you.
The centaur kicks you but does no damage.
The adder bites you but does no damage. The centaur misses you.
The centaur barely misses you. You block the adder's attack.
You barely miss the centaur. You bite the centaur, but do no damage.
The centaur hits you but does no damage.
You block the centaur's attack. The adder misses you.
The ogre stops glowing.
The centaur wields a +0 shortbow.
The centaur shoots an arrow.
You block the arrow with an invisible shield... and reflect it back!
The arrow hits the centaur.
The centaur shoots an arrow.
The arrow hits you! The ogre attacks as it pursues you!
The ogre hits you with a +0 giant spiked club!!
* * * LOW HITPOINT WARNING * * *
The centaur shoots an arrow.
The arrow hits you!
You die...

#.#.....[........
................
.............. #..
#..........#
#.###.....?....# ...
#.##.......(...#
...#########.#....cS......#
...............##.O########
..#..##...<.....p..#
..##............#.##
..######.....>....#
........†.............
#######........##.#### #
##..........# #
#........### # #........#
### ###.##.....#


You could see an ogre, a centaur and an adder.

Vanquished Creatures
  Grinder (D:5)
  Sigmund (D:5)
  Menkaure (D:4)
  2 black bears
  A phantom (D:6)
  3 scorpions (D:4)
  A hound (D:4)
  Natasha (thrice) (D:3)
  An iguana (D:5)
  4 gnolls
  4 adders
  2 worms (D:2)
  2 dart slugs
  6 orcs
  7 ball pythons
  6 bats
  15 endoplasms
  2 giant cockroaches (D:4)
  4 goblins
  2 hobgoblins
  5 jackals (D:3)
  9 kobolds
  4 quokkas
  7 frilled lizards
  3 rats
96 creatures vanquished.

Notes
Turn   | Place    | Note
-------+----------+-------------------------------------------
     0 | D:1      | jlumianski the Gnoll Shapeshifter began the quest for the
                  | Orb.
     0 | D:1      | Reached XP level 1. HP: 17/17 MP: 1/1
   251 | D:1      | Reached XP level 2. HP: 12/23 MP: 2/2
   436 | D:1      | Reached XP level 3. HP: 18/28 MP: 3/3
   750 | D:2      | Reached skill level 1 in Invocations
   836 | D:2      | Reached skill level 1 in Short Blades
   836 | D:2      | Reached skill level 1 in Long Blades
   836 | D:2      | Reached skill level 1 in Axes
   836 | D:2      | Reached skill level 1 in Maces & Flails
   836 | D:2      | Reached skill level 1 in Polearms
   836 | D:2      | Reached skill level 1 in Staves
   836 | D:2      | Reached skill level 1 in Ranged Weapons
   836 | D:2      | Reached skill level 1 in Throwing
   836 | D:2      | Reached skill level 1 in Armour
   836 | D:2      | Reached skill level 1 in Stealth
   836 | D:2      | Reached skill level 1 in Shields
   836 | D:2      | Reached skill level 1 in Spellcasting
   836 | D:2      | Reached skill level 1 in Evocations
   895 | D:2      | Reached XP level 4. HP: 34/34 MP: 5/5
  1547 | D:1      | Reached skill level 1 in Conjurations
  1547 | D:1      | Reached skill level 1 in Hexes
  1547 | D:1      | Reached skill level 1 in Summonings
  1547 | D:1      | Reached skill level 1 in Necromancy
  1547 | D:1      | Reached skill level 1 in Translocations
  1547 | D:1      | Reached skill level 1 in Transmutations
  1547 | D:1      | Reached skill level 1 in Fire Magic
  1547 | D:1      | Reached skill level 1 in Ice Magic
  1547 | D:1      | Reached skill level 1 in Air Magic
  1547 | D:1      | Reached skill level 1 in Earth Magic
  1547 | D:1      | Reached skill level 1 in Poison Magic
  2036 | D:3      | Reached XP level 5. HP: 39/40 MP: 5/7
  2083 | D:3      | Found a shadowy altar of Dithmenos.
  2089 | D:3      | Noticed Natasha
  2095 | D:3      | Killed Natasha
  2272 | D:5      | Entered Level 5 of the Dungeon
  2272 | D:5      | Noticed Menkaure
  2285 | D:4      | Noticed a black bear
  2294 | D:4      | Killed a black bear
  2295 | D:4      | Reached skill level 5 in Dodging
  2295 | D:4      | Reached XP level 6. HP: 38/47 MP: 7/9
  2461 | D:5      | Found a staircase to the Ecumenical Temple.
  2475 | Temple   | Entered the Ecumenical Temple
  2530 | Temple   | Became a worshipper of the Wu Jian Council
  2925 | D:3      | Noticed Natasha
  2930 | D:3      | Killed Natasha
  3115 | D:3      | Noticed Natasha
  3126 | D:3      | Killed Natasha
  3127 | D:3      | Reached XP level 7. HP: 52/52 MP: 10/10
  3148 | D:3      | Found a faded altar of an unknown god.
  3565 | D:5      | Noticed Sigmund
  3916 | D:4      | Killed Menkaure
  4086 | D:5      | Killed Sigmund
  4104 | D:5      | Reached XP level 8. HP: 59/60 MP: 12/12
  4269 | D:5      | Noticed Grinder
  4277 | D:5      | Killed Grinder
  4288 | D:5      | HP: 3/60 [ogre/+0 giant spiked club (29)]
  4289 | D:5      | Shot with an arrow by a centaur

Illustrated notes

Levels and vault maps discovered:
D:1:      dpeg_arrival_circle_labyrinth_c, layout_basic
D:2:      kennysheep_big_flooded_room, layout_basic, grunt_ministairs_4,
          chequers_serial_rivers_micro_d
D:3:      layout_basic, grunt_dithmenos_smoke,
          shapermc_ecumenical_altar_notcrosses, uniq_natasha
D:4:      layout_basic, nrook_mini_vaults, minmay_surrounded
D:5:      layout_rooms, minmay_temple_entry_statues_fountains, serial_shops,
          nicolae_shop_waterfront, uniq_ijyb, uniq_grinder, uniq_sigmund,
          uniq_menkaure, uniq_prince_ribbit1
D:6:      layout_basic, nicolae_qazlal_eye_of_the_storm, roderic_batcave
Temple:   nicolae_temple_slightly_damp_pantheon

Skill      XL: |  1  2  3  4  5  6  7 |
---------------+----------------------+-----
Invocations    | 1 2 3 |  3.7
Short Blades   | 1 2 3 |  3.3
Long Blades    | 1 2 3 |  3.3
Axes           | 1 2 3 |  3.3
Maces & Flails | 1 2 3 |  3.3
Polearms       | 1 2 3 |  3.3
Staves         | 1 2 3 |  3.3
Ranged Weapons | 1 2 3 |  3.3
Throwing       | 1 2 3 |  3.3
Armour         | 1 2 3 |  3.3
Stealth        | 1 2 3 |  3.3
Shields        | 1 2 3 |  3.3
Spellcasting   | 1 2 3 |  3.3
Evocations     | 1 2 3 |  3.3
Conjurations   | 1 2 |  2.7
Hexes          | 1 2 |  2.7
Summonings     | 1 2 |  2.7
Necromancy     | 1 2 |  2.7
Translocations | 1 2 |  2.7
Transmutations | 1 2 |  2.7
Fire Magic     | 1 2 |  2.7
Ice Magic      | 1 2 |  2.7
Air Magic      | 1 2 |  2.7
Earth Magic    | 1 2 |  2.7
Poison Magic   | 1 2 |  2.7
Fighting       | 3 4 |  4.3
Dodging        | 5 |  5.7
Unarmed Combat | 7 |  7.4
Shapeshifting  | 7 |  7.2

Action                     |  1- 3 |  4- 6 |  7- 9 || total
---------------------------+-------+-------+-------++-------
  Melee: Unarmed           |    42 |   124 |    56 ||   222
         Bite              |     2 |    11 |    10 ||    23
         Punch             |     1 |     5 |       ||     6
  Throw: Dart              |       |     6 |     6 ||    12
Ability: Lunge             |       |     6 |     9 ||    15
    Use: Scroll            |       |     5 |       ||     5
         Potion            |       |     1 |     1 ||     2
   Stab: Sleeping          |     3 |     4 |       ||     7
 Armour: Animal skin       |    15 |    37 |       ||    52
         Scale mail        |       |    16 |    38 ||    54
  Dodge: Dodged            |    34 |    61 |    38 ||   133
  Block: Other             |       |     7 |    18 ||    25
         Reflection        |       |       |     1 ||     1
   Form: Flux              |       |       |     1 ||     1

Table legend: (Time is in decaauts)
 A = Elapsed time spent in this place.
 B = Non-inter-level travel time spent in this place.
 C = Inter-level travel time spent in this place.
 D = Time resting spent in this place.
 E = Time spent auto-exploring this place.
 F = Levels seen in this place.
 G = Mean time per level.
                   A        B        C        D        E       F      G
               +--------+--------+--------+--------+--------+-----+--------+
         Total |   4289 |   4065 |    224 |    236 |   2225 |   7 |  612.7 |
       Dungeon |   4215 |   3991 |    224 |    236 |   2225 |   6 |  702.5 |
        Temple |     74 |     74 |      0 |      0 |      0 |   1 |   74.0 |
               +--------+--------+--------+--------+--------+-----+--------+

Top non-repeatable levels by time:
     D:3: 1090 daAuts
     D:1: 1048 daAuts
     D:4: 945 daAuts
     D:2: 838 daAuts
     D:5: 172 daAuts
     D:6: 120 daAuts
  Temple: 74 daAuts
